 Dungeon Crawl Stone Soup version 0.31.0-11-ge490571c62 (webtiles) character file.

Game seed: 4091549540801324850

275 ezpacito the Chopper (level 6, -9/48 HPs)
             Began as a Demonspawn Berserker on Jan 29, 2024.
             Was a Believer of Trog.
             Mangled by a gnoll
             ... wielding a +0 halberd
              (12 damage)
             ... on level 4 of the Dungeon.
             The game lasted 00:05:56 (2675 turns).

ezpacito the Chopper (Demonspawn Berserker)         Turns: 2675, Time: 00:05:57

Health: -9/48      AC:  8    Str: 17    XL:     6   Next: 3%
Magic:  6/6        EV: 10    Int:  8    God:    Trog [**....]
Gold:   145        SH:  0    Dex: 16    Spells: 5/5 levels left

rFire   . . .        e - +5 broad axe of the Hawk {pain, Dex+2}
rCold   . . .        u - orb {*Rage}
rNeg    . . .        t - +0 scale mail
rPois   .            (no helmet)
rElec   .            (no cloak)
rCorr   .            (no gloves)
SInv    +            p - +1 pair of boots
Will    .....        (no amulet) Stlth
                     d - ring of see invisible
HPRegen 0.28/turn    (no ring)
MPRegen 0.10/turn

%: random rage (20%)
@: on berserk cooldown, slowed, very slow
A: powered by death 1, demonic touch 1
a: Renounce Religion, Berserk, Trog's Hand


You were on level 4 of the Dungeon.
You worshipped Trog.
Trog was pleased with you.
You visited 1 branch of the dungeon, and saw 4 of its levels.
You also visited: Sewer.

You collected 166 gold pieces.
You spent 21 gold pieces at shops.

Inventory:

Hand Weapons
 a - a +0 hand axe
 e - the +5 broad axe of the Hawk (weapon) {pain, Dex+2}
   (You acquired it on level 3 of the Dungeon)

   Dex+2:     It affects your dexterity (+2).
Missiles
 c - 31 stones (quivered)
 r - 9 poisoned darts
Armour
 p - a +1 pair of boots (worn)
 t - a +0 scale mail (worn)
 u - an orb of wrath (worn)
Jewellery
 d - a ring of see invisible (left hand)
Talismans
 k - a serpent talisman
Wands
 m - a wand of roots (11)
Scrolls
 h - 2 scrolls of teleportation
 i - 2 scrolls of vulnerability
Potions
 b - a potion of haste
 f - 3 potions of attraction
 g - a potion of brilliance {unknown}
 j - a potion of lignification {unknown}
 l - 2 potions of berserk rage {unknown}
 n - 4 potions of might
 o - 3 potions of heal wounds {unknown}
 q - 2 potions of curing {unknown}


   Skills:
 * Level 3.7 Fighting
 * Level 4.3 Axes
 * Level 2.7 Armour
 * Level 2.3 Dodging
 * Level 1.2 Stealth
 * Level 1.4 Unarmed Combat
 * Level 0.9 Shapeshifting


You had 5 spell levels left.
You didn't know any spells.
Your spell library was empty.

Dungeon Overview and Level Annotations

Branches:
Dungeon (4/15)              Sewer (visited)
 Temple: D:4-7

Altars:

Shops:
D:1 *


Innate Abilities, Weirdness & Mutations

You regenerate a little health from kills.
Your touch may inflict minor irresistible damage on your foes.


Message History

Your extra speed is starting to run out.
The gnoll hits you with a +0 halberd!
* * * LOW HITPOINT WARNING * * *
You see here a +0 flail.
You hit the gnoll.
The gnoll is heavily wounded.
The gnoll hits you but does no damage.
You hit the gnoll.
The gnoll is severely wounded.
The gnoll completely misses you.
You barely miss the gnoll.
The gnoll is heavily wounded.
The gnoll barely misses you. The gnoll completely misses you.
You barely miss the gnoll.
The gnoll is heavily wounded.
The gnoll hits you with a +0 halberd.
* * * LOW HITPOINT WARNING * * *
You hit the gnoll but do no damage.
The gnoll is heavily wounded.
You feel yourself slow down. The gnoll hits you with a +0 halberd.
* * * LOW HITPOINT WARNING * * *
The gnoll hits you with a +0 halberd.
* * * LOW HITPOINT WARNING * * *
Okay, then.
Okay, then.
You closely miss the gnoll.
The gnoll is heavily wounded.
The gnoll barely misses you. The gnoll closely misses you.
You completely miss the gnoll.
The gnoll is heavily wounded.
The gnoll misses you. The gnoll hits you with a +0 halberd.
* * * LOW HITPOINT WARNING * * *
An endoplasm comes into view.
Okay, then.
The air fills with toxic fumes!
As you read the scroll of poison, it crumbles to dust.
The endoplasm quivers.
The gnoll hits you with a +0 halberd!
You die...

#.# # .#. . ...## §§§ .#
..#. .... §§#..# #..#
#..# #######§§..#
#..###..# #.. .§§§...#
#.......# #.# #§§...$#
###..##...# #.# #§# # #
.........J###§###§#§#§§§#
#..))..§§§§§§§@§§§§§§§#
#.###.#§#§§§§g§§#§##§§#
###.# #.#.#§§§#####.#
....###.#§§§§.# #
<.<..##.###§..# .....##.#
#.... .....##.# #.....
...####.# ##.#### #.## ..


You could see a gnoll and an endoplasm.

Vanquished Creatures
  A crocodile (Sewer)
  A hound (D:3)
  Ijyb (D:4)
  3 gnolls (D:4)
  4 adders
  2 orcs (D:4)
  7 ball pythons
  2 endoplasms (D:1)
  7 giant cockroaches
  6 hobgoblins
  10 jackals
  4 quokkas
  5 bats
  2 frilled lizards
  7 goblins
  6 kobolds
  A rat (D:2)
69 creatures vanquished.

Notes
Turn   | Place    | Note
-------+----------+-------------------------------------------
     0 | D:1      | ezpacito the Demonspawn Berserker began the quest for the
                  | Orb.
     0 | D:1      | Reached XP level 1. HP: 18/18 MP: 1/1
   249 | D:1      | Gained mutation: You regenerate a little health from kills.
                  | [demonic ancestry]
   249 | D:1      | Reached XP level 2. HP: 16/24 MP: 2/2
   296 | D:1      | Reached skill level 3 in Axes
   357 | D:1      | Found Omubbugh's Assorted Antiques.
   365 | D:1      | Bought a scroll labelled HEUTTE IHUTH for 21 gold pieces
   862 | D:2      | Reached XP level 3. HP: 29/29 MP: 3/3
   947 | D:2      | Reached ** piety under Trog
  1497 | D:3      | Identified a scroll of acquirement
  1577 | D:3      | Found a glowing drain.
  1594 | D:3      | Reached XP level 4. HP: 30/35 MP: 4/4
  1598 | Sewer    | Entered a sewer
  1630 | Sewer    | Reached skill level 1 in Unarmed Combat
  1677 | Sewer    | Noticed a crocodile
  1685 | Sewer    | Killed a crocodile
  1686 | Sewer    | Reached skill level 1 in Stealth
  1686 | Sewer    | Reached XP level 5. HP: 41/41 MP: 5/5
  1794 | D:3      | Found a faded altar of an unknown god.
  2044 | D:3      | Reached skill level 4 in Axes
  2550 | D:3      | Acquired the +5 broad axe of the Hawk {pain, Dex+2}
  2626 | D:4      | Noticed Ijyb
  2633 | D:4      | Killed Ijyb
  2652 | D:4      | Gained mutation: Your touch may inflict minor irresistible
                  | damage on your foes. [demonic ancestry]
  2652 | D:4      | Reached XP level 6. HP: 26/48 MP: 6/6
  2672 | D:4      | HP: 2/48 [gnoll/+0 halberd (6)]
  2675 | D:4      | Mangled by a gnoll

Illustrated notes

Levels and vault maps discovered:
D:1:      mrwooster_arrival_statue_3, layout_basic, serial_shops,
          nicolae_shop_tiny_statue_garden
D:2:      layout_rooms, corexii_leaking_fountain
D:3:      layout_basic, portal_sewer_entry_f,
          shapermc_ecumenical_altar_starsandcircs
D:4:      layout_loops_ring, serial_shops, nicolae_shop_tiny_real_fake_doors,
          hangedman_decor_push, nicolae_shop_fire_sale [nicolae_sub_dead_trees],
          minivault_11, uniq_ijyb

Skill      XL: |  1  2  3  4  5 |
---------------+----------------+-----
Axes           | 3 4 |  4.3
Armour         | 2 |  2.7
Dodging        | 2 |  2.3
Unarmed Combat | 1 |  1.4
Stealth        | 1 |  1.2
Fighting       | |  3.7
Shapeshifting  | |  0.9

Action                     |  1- 3 |  4- 6 || total
---------------------------+-------+-------++-------
  Melee: Hand axe          |   138 |    54 ||   192
         Punch             |     4 |     1 ||     5
         Broad axe         |       |    26 ||    26
 Invoke: Berserk           |       |     1 ||     1
    Use: Scroll            |     6 |     4 ||    10
         Potion            |       |     1 ||     1
 Armour: Ring mail         |    80 |       ||    80
         Animal skin       |     7 |       ||     7
         Scale mail        |    18 |    65 ||    83
  Dodge: Dodged            |    90 |    60 ||   150
